Map: Central Protocol

Players

RadekDaNa - Winner!

  • Race: Zerg Zerg
  • League: Master

Miszu

  • Race: Terran Terran
  • League: Master

VOD

Have the link to the VOD?

Description

Time

  • Played on: Feb. 6, 2016, 6:56 a.m.
  • Length: 19:21
Show
View Real Time Build Order
Export as new Build Order

RadekDaNa Zerg - Winner!

Build Orders: Hatch First, Muta Ling Bane 

Get SALT Encoding   

  12  0:01  Drone  
  13  0:12  Overlord  
  13  0:17  Drone  
  14  0:30  Drone x2  
  14  0:34  Drone  
  17  0:54  Drone, Hatchery  
  17  0:57  Drone  
  17  1:01  Extractor  
  17  1:13  Spawning Pool  
  17  1:15  Drone  
  17  1:19  Drone  
  18  1:28  Drone  
  19  1:38  Overlord  
  19  1:59  Queen  
  19  2:00  Zergling x4  
  23  2:05  Queen  
  23  2:06  Drone  
  26  2:10  Drone  
  27  2:17  Drone  
  27  2:19  Roach Warren  
  27  2:22  Drone  
  28  2:28  Drone  
  29  2:33  Drone  
  30  2:39  Spore Crawler  
  30  2:41  Drone  
  31  2:47  Overlord  
  30  2:59  Roach x2  
  30  3:04  Overlord  
  34  3:06  Roach  
  34  3:13  Roach x4  
  42  3:24  Roach  
  42  3:25  Drone x3  
  47  3:29  Drone  
  47  3:36  Drone  
  47  3:40  Roach  
  50  3:48  Overlord  
  50  3:52  Drone  
  50  3:53  Drone  
  52  3:56  Overlord  
  52  4:06  Drone x5  
  52  4:07  Extractor, Drone  
  57  4:18  Drone  
  57  4:19  Drone  
  57  4:21  Hatchery  
  59  4:31  Drone x4  
  59  4:32  Drone x2  
  59  4:35  Queen  
  62  4:46  Evolution Chamber  
  62  4:47  Evolution Chamber  
  62  4:49  Roach x2  
  62  4:52  Overlord  
  64  4:53  Drone  
  64  4:55  Extractor  
  64  5:02  Lair  
  64  5:03  Overlord  
  64  5:04  Drone  
  64  5:06  Drone x2  
  67  5:08  Drone  
  67  5:11  Drone  
  67  5:12  Overlord  
  69  5:20  Drone x2  
  69  5:21  Drone x2  
  69  5:33  Roach x2  
  71  5:36  Zerg Melee Weapons Level 1, Zerg Ground Armor Level 1  
  71  5:41  Queen  
  73  5:44  Overlord, Drone  
  74  5:50  Extractor  
  74  5:51  Metabolic Boost  
  74  5:56  Drone x3  
  74  5:57  Drone  
  76  6:00  Drone  
  76  6:11  Drone x3  
  79  6:12  Glial Reconstitution, Drone  
  79  6:13  Spire  
  79  6:14  Queen  
  77  6:21  Overseer  
  77  6:22  Roach  
  77  6:23  Roach  
  77  6:25  Overlord  
  81  6:30  Overlord  
  81  6:31  Overlord  
  81  6:42  Overseer  
  81  6:45  Zergling x10  
  81  6:46  Zergling x10  
  91  6:50  Roach x3  
  91  6:51  Roach  
  99  6:56  Overlord  
  99  7:02  Roach x2  
  99  7:07  Overlord  
  103  7:10  Roach  
  103  7:14  Roach  
  107  7:16  Zergling x2  
  107  7:18  Overlord  
  107  7:21  Roach x3  
  114  7:26  Zergling x14  
  121  7:36  Zergling x6  
  112  7:47  Mutalisk x5  
  118  7:51  Zergling x2  
  118  7:57  Baneling Nest  
  118  7:58  Zergling x10  
  123  8:05  Zerg Flyer Weapons Level 1  
  123  8:14  Zergling x12  
  129  8:21  Overlord  
  129  8:23  Zergling x2  
  129  8:24  Zergling x6  
  133  8:28  Extractor  
  132  8:35  Zerg Ground Armor Level 2, Zerg Melee Weapons Level 2  
  132  8:38  Drone  
  132  8:39  Drone x2  
  135  8:41  Extractor  
  135  8:48  Zergling x22  
  143  8:50  Centrifical Hooks  
  145  8:56  Drone  
  145  8:58  Drone  
  145  9:00  Drone  
  148  9:04  Drone  
  148  9:05  Baneling x4  
  148  9:06  Baneling x3  
  149  9:12  Hatchery  
  149  9:14  Baneling x3  
  149  9:15  Zergling x16  
  156  9:20  Overlord  
  156  9:22  Zergling x2  
  156  9:23  Zergling x6  
  159  9:27  Overlord  
  158  9:37  Corruptor x3  
  159  9:45  Infestation Pit  
  156  9:48  Overlord  
  156  9:49  Overlord  
  156  9:50  Pneumatized Carapace  
  156  10:01  Drone  
  156  10:02  Drone x7  
  156  10:04  Baneling x2  
  156  10:05  Baneling x3  
  156  10:06  Overlord  
  164  10:07  Zergling x6  
  167  10:16  Overlord  
  167  10:17  Overlord  
  167  10:21  Drone x2  
  167  10:22  Drone x5  
  174  10:33  Hive  
  174  10:34  Corruptor  
  176  10:37  Corruptor  
  176  10:41  Corruptor  
  180  10:45  Baneling x6  
  180  10:46  Baneling  
  180  10:48  Zergling x4  
  182  10:52  Overlord  
  182  11:07  Zergling x18  
  182  11:08  Hatchery  
  190  11:12  Corruptor  
  190  11:13  Corruptor  
  190  11:15  Baneling  
  190  11:16  Baneling x4  
  194  11:29  Queen  
  194  11:31  Zergling x8  
  200  11:40  Baneling x6  
  200  11:48  Zerg Melee Weapons Level 3, Ultralisk Cavern, Zerg Ground Armor Level 3  
  195  12:00  Zergling x38  
  197  12:02  Zergling x2  
  197  12:07  Baneling x8  
  197  12:08  Baneling  
  198  12:22  Baneling x5  
  198  12:26  Overlord  
  198  12:35  Overseer  
  198  12:37  Chitinous Plating  
  158  12:52  Ultralisk  
  158  12:53  Ultralisk x2  
  158  12:55  Zergling x38  
  158  12:56  Zergling x2  
  166  13:07  Zergling x2  
  166  13:08  Zergling x20  
  171  13:15  Zergling x2  
  171  13:16  Zergling x2  
  158  13:20  Baneling  
  158  13:21  Baneling x9  
  158  13:25  Zergling x8  
  160  13:32  Zergling x4  
  154  13:37  Zergling x2  
  154  13:38  Zergling x2  
  137  13:43  Zergling x2  
  137  13:44  Zergling x6  
  111  13:49  Zergling x2  
  111  13:50  Zergling x16  
  111  13:54  Zergling x8  
  113  14:01  Ultralisk  
  113  14:02  Zergling x2, Ultralisk  
  121  14:03  Baneling x3  
  121  14:04  Baneling x3  
  120  14:10  Zergling x4  
  122  14:22  Ultralisk  
  121  14:42  Ultralisk  
  123  14:53  Ultralisk  
  123  14:56  Hatchery  
  128  15:09  Ultralisk  
  134  15:14  Drone  
  134  15:15  Drone x3  
  138  15:36  Zergling x6  
  138  15:37  Zergling x8  
  138  15:38  Baneling  
  138  15:39  Baneling  
  145  15:48  Zergling x2  
  145  15:49  Zergling x4  
  131  16:08  Ultralisk  
  137  16:23  Infestor  
  137  16:24  Infestor  
  141  16:26  Infestor, Hatchery  
  142  16:36  Infestor  
  142  16:37  Infestor x2  
  142  16:39  Infestor  
  150  16:48  Ultralisk  
  156  17:00  Ultralisk  
  160  17:15  Infestor x2  
  164  17:23  Ultralisk  
  170  17:30  Overlord  
  170  17:51  Hatchery  
  156  18:07  Zergling x16, Ultralisk  
  167  18:14  Zergling x8  
  171  18:25  Zergling x12  
  176  18:37  Overlord x2  
  182  19:02  Zergling x4  
  167  19:03  Zergling x10  
Show
View Real Time Build Order
Export as new Build Order

Miszu Terran 

Build Orders: MMM Bio 

Get SALT Encoding   

  12  0:00  SCV  
  13  0:12  SCV  
  14  0:20  Supply Depot  
  14  0:24  SCV  
  14  0:27  Refinery  
  15  0:41  SCV  
  16  0:45  Barracks  
  16  0:54  SCV  
  17  1:01  Barracks  
  17  1:06  SCV  
  18  1:18  SCV  
  19  1:24  Barracks  
  20  1:33  Reaper  
  20  1:39  Orbital Command  
  20  1:48  Reaper  
  20  1:52  Supply Depot  
  21  2:05  Reaper  
  21  2:06  SCV  
  23  2:10  Refinery  
  23  2:14  Reaper  
  24  2:18  SCV  
  24  2:20  Supply Depot  
  25  2:24  Reaper  
  26  2:30  SCV  
  27  2:41  Reaper  
  27  2:42  SCV  
  29  2:50  Reaper  
  30  2:57  Reaper  
  30  2:58  SCV  
  32  3:03  Supply Depot  
  32  3:10  SCV  
  32  3:22  Reaper, SCV  
  32  3:23  Reaper  
  35  3:29  Reaper  
  37  3:34  SCV  
  37  3:41  Command Center  
  37  3:46  SCV  
  36  3:54  Reaper  
  37  3:56  Reaper  
  37  3:58  SCV  
  39  4:10  SCV  
  39  4:13  Barracks Tech Lab  
  38  4:29  SCV  
  39  4:37  Barracks Tech Lab  
  38  4:41  SCV  
  38  4:44  Factory  
  38  4:45  Barracks Reactor  
  38  4:47  Marine, Command Center  
  38  4:48  Stimpack  
  39  4:53  Barracks x2  
  39  4:54  Orbital Command  
  39  5:05  Marine  
  40  5:15  Marine  
  41  5:23  Marine x3  
  41  5:24  SCV  
  45  5:33  Marine  
  45  5:36  SCV x2  
  45  5:40  Starport, Marine, Factory Reactor  
  45  5:41  Marine x4  
  52  5:51  Marine  
  53  5:58  Marine x2  
  53  5:59  Marine x3  
  53  6:02  SCV x2  
  53  6:03  Orbital Command  
  59  6:08  Marine  
  60  6:14  SCV x2  
  60  6:16  Marine x4, Combat Shields  
  60  6:17  Marine  
  66  6:22  Refinery  
  66  6:23  Refinery  
  66  6:26  Factory Tech Lab, SCV x2  
  66  6:27  Medivac  
  66  6:29  Medivac  
  72  6:37  Marine  
  72  6:38  Marine x4  
  77  6:45  Engineering Bay  
  77  6:47  Supply Depot  
  77  6:50  Engineering Bay  
  77  6:54  Supply Depot  
  77  7:07  Orbital Command  
  77  7:08  Marine x4, Siege Tank, SCV  
  77  7:13  Supply Depot  
  77  7:15  Marine x2, SCV  
  88  7:19  Terran Infantry Weapons Level 1, Terran Infantry Armor Level 1  
  88  7:20  SCV  
  89  7:23  Supply Depot  
  89  7:26  Marine  
  89  7:27  SCV  
  85  7:40  Marine x5  
  85  7:44  Marine  
  83  7:54  Medivac, Siege Tank  
  83  7:57  Marine  
  83  7:58  Marine x4  
  87  8:00  SCV  
  87  8:01  Marine, SCV x2  
  95  8:13  SCV x2  
  95  8:14  SCV  
  95  8:15  Marine  
  95  8:16  Bunker, Marine  
  100  8:20  Marine  
  100  8:25  SCV  
  100  8:26  Supply Depot x2, Siege Tank  
  94  8:35  Marine  
  95  8:42  Marine  
  95  8:43  Marine x4  
  95  8:45  SCV x2  
  93  8:49  Armory  
  93  8:50  SCV  
  93  8:53  Marine  
  95  8:58  Siege Tank  
  95  8:59  Medivac x2  
  95  9:00  Marine x5, Missile Turret  
  107  9:04  SCV, Armory  
  108  9:11  Marine  
  108  9:13  SCV x2  
  111  9:18  Supply Depot, Marine x3  
  111  9:19  Supply Depot, Marauder  
  111  9:22  Refinery  
  115  9:29  Medivac  
  119  9:33  Siege Tank  
  118  9:41  SCV x2  
  118  9:42  Supply Depot  
  118  9:43  Supply Depot, SCV  
  121  9:48  Terran Infantry Armor Level 2, Terran Infantry Weapons Level 2  
  119  9:53  Marine, SCV  
  119  9:54  Marine x5  
  126  10:03  Starport Reactor  
  126  10:04  Missile Turret  
  126  10:05  Siege Tank, Missile Turret  
  129  10:07  Missile Turret  
  129  10:08  Supply Depot  
  129  10:11  Marine  
  129  10:12  Marine  
  131  10:15  Supply Depot  
  131  10:16  Marine x3, Marauder  
  136  10:22  Terran Vehicle Weapons Level 1, Missile Turret  
  136  10:29  Marine  
  136  10:30  Marine  
  136  10:32  Supply Depot  
  136  10:33  Marine  
  136  10:34  Marine  
  136  10:35  Marauder  
  142  10:37  Marauder  
  142  10:42  Medivac x2  
  148  10:43  Siege Tank  
  148  10:47  Marine x2  
  153  10:51  Marine  
  153  10:53  Supply Depot, Marine  
  153  10:56  Marauder  
  157  10:58  Marine  
  158  11:07  Marine x2  
  160  11:12  Medivac x2  
  160  11:13  Supply Depot  
  160  11:14  Supply Depot  
  160  11:17  Marauder x2  
  168  11:20  Marine  
  168  11:21  Marine  
  168  11:25  Marine  
  171  11:27  Marine  
  171  11:31  Supply Depot  
  172  11:38  Marine x2, Marauder  
  172  11:39  Marauder  
  178  11:42  Medivac  
  178  11:43  Marine  
  178  11:45  Marine  
  180  11:56  Marine x2  
  180  11:59  Marauder  
  180  12:00  Marine x2  
  186  12:03  Marine  
  186  12:05  Medivac, Siege Tank  
  192  12:11  Medivac  
  192  12:14  Marine x2  
  196  12:16  Terran Infantry Weapons Level 3  
  196  12:17  Marine  
  196  12:18  Marine  
  196  12:21  Marauder  
  165  12:52  Marine  
  165  12:53  Marauder  
  165  12:54  Marauder  
  165  12:55  Marine  
  165  12:56  Marine x2  
  173  13:01  Terran Infantry Armor Level 3  
  173  13:02  Barracks  
  173  13:03  Barracks  
  173  13:04  Barracks  
  163  13:10  Marine  
  153  13:13  Marine  
  153  13:14  Marine x3, Marauder  
  158  13:20  Hellion  
  159  13:28  Marine  
  159  13:31  Marine x3  
  159  13:32  Marine  
  162  13:36  Marauder  
  144  13:41  Siege Tank  
  144  13:46  Marine  
  129  13:49  Marine x3  
  129  13:50  Marine  
  128  13:56  Marine  
  127  14:04  Marine  
  127  14:06  Marine  
  127  14:07  Marine x2  
  127  14:08  Marine  
  132  14:14  Hellion  
  132  14:15  Marauder  
  134  14:21  Marine  
  130  14:24  Marine  
  130  14:26  Marauder  
  130  14:27  Barracks Tech Lab x2  
  132  14:35  Hellion  
  132  14:36  Marine  
  135  14:39  Marine  
  135  14:41  Medivac x2  
  135  14:42  Marine, Barracks Tech Lab x2  
  135  14:43  Barracks Tech Lab  
  141  14:48  Marauder  
  143  14:54  Marauder x3  
  143  14:56  Siege Tank  
  143  14:57  Marine  
  143  14:59  Orbital Command  
  153  15:00  Marine, Ghost Academy  
  153  15:04  Marauder x2  
  158  15:09  Bunker, Marauder  
  158  15:11  Medivac  
  164  15:15  Marauder x3  
  170  15:23  Marine  
  170  15:25  Marauder x2  
  175  15:28  Siege Tank  
  176  15:36  Ghost x3  
  181  15:49  Ghost x3  
  187  16:04  Ghost  
  180  16:05  Ghost  
  184  16:11  Medivac  
  186  16:26  Ghost  
  186  16:31  Marine x6  
  194  16:33  Marine, Command Center  
  194  16:34  Marine  
  194  16:35  Refinery x2  
  194  16:37  Refinery  
  196  16:48  Marine  
  196  16:49  Ghost  
  197  17:19  Ghost  
  199  17:58  Refinery  
  199  17:59  Refinery  
  199  18:00  Starport  
  199  18:02  Starport  
  197  18:07  Orbital Command  
  177  18:35  Ghost x5  
  177  18:36  Ghost  
  189  18:41  Command Center  
Tags
 
Add a new tag
Caveats
  • Supply blocks, unpowered buildings, or Contaminate may cause inaccurate times.
  • Supply counts are checked every 10 seconds.